 Dungeon Crawl Stone Soup version 0.23.0-2-g0fe3ce5905 (webtiles) character file.

Game seed: 16924562468774460170

4419 Ivernyr the Frost Mage (level 10, -4/67 HPs)
             Began as a Naga Ice Elementalist on Feb 19, 2019.
             Was a Believer of Cheibriados.
             Slain by a two-headed ogre
             ... wielding a +0 giant spiked club
              (29 damage)
             ... on level 7 of the Dungeon.
             The game lasted 00:31:54 (9559 turns).

Ivernyr the Frost Mage (Naga Ice Elementalist)      Turns: 9559, Time: 00:31:54

Health: -4/67      AC:  7    Str: 15    XL:     10   Next: 36%
Magic:  4/20       EV: 15    Int: 30    God:    Cheibriados [**....]
Gold:   451        SH:  0    Dex: 17    Spells: 8/22 levels left

rFire    . . .     SeeInvis +   d - +2 long sword (slice)
rCold    . . .     Gourm    .   (no shield)
rNeg     . . .     Faith    .   w - +2 robe {MR+}
rPois    +         Spirit   .   (no helmet)
rElec    .         Reflect  .   (no cloak)
rCorr    .         Harm     .   (no gloves)
MR       ++...                  (no barding)
Stlth    ++........             A - amulet of regeneration
HPRegen  0.61/turn              e - +6 ring of intelligence
MPRegen  0.17/turn              l - ring of the Octopus King {Wiz AC+1 EV+1 Str+1 Int+1 Dex+1}

@: very slow
A: large, see invisible, deformed body, frail 1, poison resistance, slowness 2,
slow metabolism 1, spit poison 1, AC +3
a: Spit Poison, Bend Time, Renounce Religion


You were on level 7 of the Dungeon.
You worshipped Cheibriados.
Cheibriados was pleased with you.
You were not hungry.

You visited 2 branches of the dungeon, and saw 8 of its levels.

You collected 451 gold pieces.

Inventory:

Hand Weapons
 d - a +2 long sword of slicing (weapon)
Armour
 w - a +2 robe of magic resistance (worn)
Jewellery
 e - a +6 ring of intelligence (left hand)
 l - a ring of the Octopus King (right hand) {Wiz AC+1 EV+1 Str+1 Int+1 Dex+1}
   (You found it on level 7 of the Dungeon)

   [ring of wizardry]

   It improves your spell success rate.
   It affects your AC (+1).
   It affects your evasion (+1).
   It affects your strength (+1).
   It affects your intelligence (+1).
   It affects your dexterity (+1).
 o - an uncursed ring of protection from magic
 u - an uncursed ring of ice
 A - an amulet of regeneration (around neck)
 D - an uncursed ring of positive energy
Wands
 z - a wand of enslavement (9)
Scrolls
 a - a scroll of noise
 b - 9 scrolls of remove curse
 h - 2 scrolls of blinking {unknown}
 i - 2 scrolls of amnesia {unknown}
 j - 2 scrolls of magic mapping
 m - 2 scrolls of teleportation {unknown}
 p - 2 scrolls of fear
 q - a scroll of enchant armour {unknown}
 r - 3 scrolls of enchant weapon {unknown}
 t - 2 scrolls of immolation {unknown}
 y - a scroll of fog {unknown}
 C - a scroll of identify
Potions
 f - 2 potions of flight
 g - a potion of degeneration {unknown}
 k - a potion of haste {unknown}
 n - 2 potions of heal wounds {unknown}
 s - 4 potions of curing {unknown}
 v - 2 potions of ambrosia
 x - a potion of lignification {unknown}
 B - a potion of might {unknown}
Comestibles
 c - 18 rations
 E - 5 chunks of flesh


   Skills:
 + Level 6.1 Dodging
 - Level 3.0 Stealth
 + Level 6.8 Spellcasting
 - Level 1.0 Conjurations
 * Level 10.5 Ice Magic
 + Level 4.1 Invocations


You had 8 spell levels left.
You knew the following spells:

 Your Spells              Type           Power        Failure   Level  Hunger
a - Freeze                Ice            ####         1%          1    None
b - Throw Frost           Conj/Ice       #####.       1%          2    None
c - Ozocubu's Armour      Chrm/Ice       #####...     1%          3    None
d - Throw Icicle          Conj/Ice       #####...     1%          4    ##.....
e - Summon Ice Beast      Ice/Summ       #####...     2%          4    ##.....

Your spell library contained the following spells:

 Spells                   Type           Power        Failure   Level  Hunger
 Confusing Touch          Hex            ##....       1%          1    None
 Confuse                  Hex            ##......     6%          3    None
 Gell's Gravitas          Tloc           ##........   6%          3    None
 Metabolic Englaciation   Hex/Ice        #####.....   6%          5    ####...
 Petrify                  Tmut/Erth      ##......     19%         4    ##.....
 Yara's Violent Unravell  Hex/Tmut       ##........   45%         5    ####...


Dungeon Overview and Level Annotations

Branches:
Dungeon (7/15)             Temple (1/1) D:6

Altars:
Cheibriados
Elyvilon
Gozag
Okawaru
Ru
Sif Muna
Uskayaw
Vehumet
Xom
Yredelemnul


Innate Abilities, Weirdness & Mutations

You cannot wear boots.
Your serpentine skin is tough. (AC +3)
You have supernaturally acute eyesight. (SInv)
Armour fits poorly on your strangely shaped body.
Your system is resistant to poisons. (rPois)
You cover ground very slowly.
You have a slow metabolism.
You can spit poison.
You are frail. (-10% HP)


Message History

You feel slightly more hungry. The worker ant bites you.
The worker ant bites you but does no damage.
Casting: Freeze (safe; 1% risk of failure)
Confirm with . or Enter, or press ? or * to list all spells.
A chill wind blows around you.
You swap places.
You have got your breath back.
The two-headed ogre hits your ice beast with a +0 giant spiked club!!
Your ice beast dies!
As you read the scroll labeled BAYSYFU BOEPH, it crumbles to dust.
You feel aware of your surroundings.
It was a scroll of magic mapping.
The two-headed ogre barely misses you.
You riposte.
You barely miss the two-headed ogre.
The two-headed ogre hits you with a +0 giant club!
As you read the scroll labeled FYZERH KONUSK, it crumbles to dust.
You hear a loud clanging noise!
It was a scroll of noise.
You hear a horrible gurgling sound!
The two-headed ogre hits you with a +0 giant spiked club!!
You die...

*,* **#..#..#.# #..# *,*
#...#.#.# #..# *,* ###.)##.#
#..## **********,*
###.##..####>... ##,,,,,,,,,,*
##.#.#.#.........
#..#############....#...#######.
*#.........#.....................
#..###'###.....###'###...#####...
,,##..#..##...##@.#..##..## #.#.
,##..#.#..##.##O#####.##..# #.#.
##..#...#..###a##,,,##.##.# #.#.
#..#..#..#..#Y##,,,,,##.#.# #.#.
#.#..#.#..#.#)#,,,,,,,#.#.# #.#.
'#..#...#..#+....a/%Y,##'.# #.#.
#.#..#.#..#.#.#...ou.,#.#.####<#.
#..#..#)†#..#.##..?y.##.#........
##..#...#..###.*#[}O##.##..###...


You could see a two-headed ogre, a sky beast and a worker ant.

Vanquished Creatures
  A two-headed ogre (D:7)
  An unseen horror (D:6)
  A hippogriff (D:7)
  A spriggan (D:7)
  An ice beast (D:6)
  2 sky beasts
  A necrophage (D:7)
  A centaur (D:5)
  6 ogres
  A crocodile (D:7)
  Blork the orc (D:5)
  5 bullfrogs
  2 scorpions
  A killer bee (D:7)
  A vampire bat (D:4)
  A wight (D:7)
  A howler monkey (D:4)
  2 crimson imps (D:7)
  A gnoll shaman (D:4)
  6 hounds
  A jelly (D:7)
  2 orc priests (D:4)
  3 orc wizards
  A bullfrog skeleton (D:7)
  4 iguanas
  10 worker ants
  A killer bee zombie (D:7)
  A howler monkey zombie (D:5)
  9 gnolls
  A howler monkey skeleton (D:7)
  10 adders
  3 shadow imps
  An ooze (D:5)
  An adder skeleton (D:5)
  An adder zombie (D:5)
  4 worms
  3 fire bats (D:4)
  4 leopard geckos
  17 orcs
  2 spectral bats (D:4)
  3 bat skeletons (D:4)
  A bat zombie (D:4)
  2 giant cockroaches
  4 goblins
  7 hobgoblins
  13 jackals
  6 kobolds
  6 quokkas
  A ball python (D:3)
  15 bats
  A bat simulacrum (D:4)
  3 frilled lizards
  A rat (D:2)
179 creatures vanquished.

Vanquished Creatures (collateral kills)
  A jelly (D:6)
  2 orc wizards (D:6)
3 creatures vanquished.

Grand Total: 182 creatures vanquished

Notes
Turn   | Place    | Note
-------+----------+-------------------------------------------
     0 | D:1      | Ivernyr the Naga Ice Elementalist began the quest for the
                  | Orb.
     0 | D:1      | Reached XP level 1. HP: 15/15 MP: 3/3
   356 | D:1      | Reached XP level 2. HP: 21/22 MP: 5/5
   360 | D:1      | Learned a level 2 spell: Throw Frost
   545 | D:2      | Reached XP level 3. HP: 28/28 MP: 6/6
  1163 | D:2      | Learned a level 3 spell: Ozocubu's Armour
  1204 | D:2      | Reached skill level 4 in Ice Magic
  1204 | D:2      | Reached XP level 4. HP: 27/36 MP: 5/7
  1710 | D:3      | Noticed a +0 dagger
  1711 | D:3      | Noticed a +0 dagger
  1713 | D:3      | Found a hide-covered altar of Uskayaw.
  1968 | D:3      | Reached XP level 5. HP: 36/42 MP: 5/9
  2087 | D:3      | Found a radiant altar of Vehumet.
  2190 | D:3      | Found an iron altar of Okawaru.
  2402 | D:3      | Found a faded altar of an unknown god.
  2892 | D:4      | Noticed an ice beast
  3040 | D:4      | Reached skill level 5 in Ice Magic
  3040 | D:4      | Reached XP level 6. HP: 18/49 MP: 1/10
  4153 | D:4      | Reached XP level 7. HP: 55/55 MP: 12/12
  4298 | D:4      | Got a scorched leather armour
  4309 | D:4      | Identified the cursed +0 leather armour of Darkness
                  | {*Contam Dex+9 SInv} (You found it on level 4 of the
                  | Dungeon)
  4507 | D:4      | Reached skill level 6 in Ice Magic
  4999 | D:5      | Entered Level 5 of the Dungeon
  5740 | D:5      | Noticed Blork the orc
  5747 | D:5      | Killed Blork the orc
  5896 | D:5      | Gained mutation: You are frail. (-10% HP) [mutagenic glow]
  6215 | D:5      | Reached XP level 8. HP: 55/55 MP: 9/14
  6341 | D:5      | Reached skill level 7 in Ice Magic
  6949 | D:6      | Noticed an unseen horror
  6960 | D:6      | Killed an unseen horror
  6960 | D:6      | Reached skill level 5 in Spellcasting
  6960 | D:6      | Reached skill level 8 in Ice Magic
  7106 | D:6      | Reached XP level 9. HP: 56/61 MP: 17/17
  7208 | D:6      | Reached skill level 5 in Dodging
  7435 | D:6      | Learned a level 4 spell: Throw Icicle
  7440 | D:6      | Learned a level 4 spell: Summon Ice Beast
  7479 | D:6      | Found a staircase to the Ecumenical Temple.
  7508 | Temple   | Entered the Ecumenical Temple
  7514 | Temple   | Became a worshipper of Cheibriados the Contemplative
  7540 | D:6      | Reached skill level 9 in Ice Magic
  7964 | D:6      | Reached skill level 1 in Invocations
  8109 | D:6      | Got a transparent ring mail
  8120 | D:6      | Identified the cursed +0 ring mail "Trusted Companion" {rF+
                  | Int+2} (You found it on level 6 of the Dungeon)
  8436 | D:7      | Found the ring of the Octopus King
  8444 | D:7      | Got a ring of the Octopus King
  8736 | D:7      | Reached * piety under Cheibriados
  8960 | D:7      | Found a shimmering altar of Xom.
  8960 | D:7      | Found a shimmering altar of Xom.
  8961 | D:7      | Found a shimmering altar of Xom.
  8963 | D:7      | Found a shimmering altar of Xom.
  8963 | D:7      | Found a shimmering altar of Xom.
  8963 | D:7      | Found a shimmering altar of Xom.
  8963 | D:7      | Found a shimmering altar of Xom.
  9026 | D:7      | Reached skill level 10 in Ice Magic
  9026 | D:7      | Reached XP level 10. HP: 40/67 MP: 1/19
  9398 | D:7      | Identified a ring of the Octopus King {Wiz AC+1 EV+1 Str+1
                  | Int+1 Dex+1} (You found it on level 7 of the Dungeon)
  9438 | D:7      | Reached ** piety under Cheibriados
  9507 | D:7      | Found a white marble altar of Elyvilon.
  9539 | D:7      | Noticed a two-headed ogre
  9539 | D:7      | Noticed a two-headed ogre
  9539 | D:7      | Noticed a red ugly thing
  9552 | D:7      | Killed a two-headed ogre
  9559 | D:7      | Slain by a two-headed ogre

Skill      XL: |  1  2  3  4  5  6  7  8  9 10 |
---------------+-------------------------------+-----
Dodging        | 2 3 4 5 6 |  6.1
Ice Magic      | 4 5 6 8 10 | 10.5
Spellcasting   | 3 4 5 6 |  6.8
Invocations    | 3 4 |  4.1
Stealth        | |  3.0
Conjurations   | |  1.0

Action                   |  1- 3 |  4- 6 |  7- 9 | 10-12 || total
-------------------------+-------+-------+-------+-------++-------
Melee: Mace              |    35 |    39 |       |       ||    74
       Whip              |       |     6 |   197 |     7 ||   210
       Long sword        |       |       |       |     7 ||     7
 Cast: Freeze            |    11 |    55 |   129 |    26 ||   221
       Throw Frost       |       |     4 |    42 |     2 ||    48
       Ozocubu's Armour  |       |       |     6 |     1 ||     7
       Throw Icicle      |       |       |     6 |     3 ||     9
       Summon Ice Beast  |       |       |     3 |     1 ||     4
 Abil: Spit Poison       |    20 |    24 |    38 |     2 ||    84
  Use: Scroll            |       |       |     7 |     2 ||     9
 Stab: Sleeping          |     2 |       |     5 |     1 ||     8
  Eat: Chunk             |     1 |    10 |    15 |     1 ||    27
Armor: Robe              |     8 |    12 |    77 |     9 ||   106
       Leather armour    |       |       |    84 |       ||    84
Dodge: Dodged            |    28 |    53 |   280 |    40 ||   401
       Rpst.: Long sword |       |       |       |    11 ||    11
